 Dungeon Crawl Stone Soup version 0.31-b1-18-g61460d1e46 (webtiles) character file.

Game seed: 7399500965427939449

4 Esekla the Sneak (level 1, -1/16 HPs)
             Began as an Octopode Delver on Jan 16, 2024.
             Was an Initiate of Gozag.
             Slain by a jackal (2 damage)
             ... on level 2 of the Dungeon.
             The game lasted 00:04:40 (348 turns).

Esekla the Sneak (Octopode Delver)                   Turns: 348, Time: 00:04:41

Health: -1/16      AC:  1    Str: 11    XL:     1   Next: 70%
Magic:  10/10      EV: 13    Int: 12    God:    Gozag
Gold:   18         SH:  0    Dex: 13    Spells: 0/0 levels left

rFire   . . .        a - +0 falchion
rCold   . . .        (no shield)
rNeg    . . .        (helmet restricted)
rPois   .            (no amulet)
rElec   .            g - ring of magical power
rCorr   .            (no ring)
SInv    .            (no ring)
Will    .....        (no ring)
Stlth   ++++         (no ring)
HPRegen 0.22/turn    (no ring)
MPRegen 0.12/turn    (no ring)
                     (no ring)

%: no passive effects
@: brilliant, lethally poisoned (-1 -> -2)
A: almost no armour, amphibious, 8 rings, camouflage 1, gelatinous body 1,
(nimble swimmer 1), tentacles
a: Renounce Religion, Potion Petition, Call Merchant, Bribe Branch


You were on level 2 of the Dungeon.
You worshipped Gozag.
Gozag was noncommittal.
You visited 1 branch of the dungeon, and saw 4 of its levels.

You collected 25 gold pieces.
You paid 7 gold pieces to Gozag.

Inventory:

Hand Weapons
 a - a +0 falchion (weapon)
Missiles
 i - 3 poisoned darts (quivered)
Jewellery
 g - a ring of magical power (left tentacle)
Wands
 f - a wand of digging (1)
Scrolls
 b - a scroll of fog
 c - a scroll of revelation
 d - a scroll of fear
 h - a scroll of identify {unknown}
Potions
 e - a potion of haste


   Skills:
 * Level 3.0 Fighting
 * Level 2.0 Long Blades
 * Level 2.0 Dodging
 + Level 6.8 Stealth
 * Level 0.1 Ice Magic


You couldn't memorise any spells.
You didn't know any spells.
Your spell library contained the following spells:

 Spells                   Type           Power      Damage    Failure   Level
 Freeze                   Ice            0%         1d3       32%         1
 Frozen Ramparts          Ice            0%         1d1       67%         3
 Hailstorm                Conj/Ice       0%         3d5       69%         3


Dungeon Overview and Level Annotations

Branches:
Dungeon (5/15)
 Temple: D:4-7

Altars:
Gozag

Shops:
D:4 ?


Innate Abilities, Weirdness & Mutations

You cannot wear most types of armour.
You are amphibious.
You can wear up to eight rings at the same time.
Your skin changes colour to match your surroundings (Stealth+).
Your rubbery body absorbs attacks. (AC +1, EV +1)
((You are camouflaged when in or above water. (Stealth+)))
You have tentacles for arms and can constrict up to eight enemies at once.


Message History

Found an orange potion.
A jelly comes into view.
There is a shaft here.
Found a stone staircase leading up.
There is a stone staircase leading up here.
You climb upwards.
Found a gold wand, a quarterstaff and 5 stones.
There is a stone staircase leading down here.
Found a scroll labelled YMNINI LEUCS.
Found a stone staircase leading down.
Found a stone staircase leading up.
An adder comes into view.
The adder hisses angrily.
You hear a bark!
You see here a +0 quarterstaff.
A jackal comes into view. x2
You see here a wand of charming (4).
The adder attacks as it pursues you! The adder bites you but does no damage.
The adder bites you.
Found a stone staircase leading up.
The jackal closely misses you.
There is a stone staircase leading up here.
The adder bites you.
You are poisoned.
The adder poisons you! The jackal bites you.
You climb upwards.
You feel sick.
Found a stone staircase leading down.
There is a stone staircase leading down here.
You feel sick. The jackal barely misses you. The adder barely misses you.
You feel sick. The jackal bites you.
It was a potion of brilliance.
You feel clever all of a sudden.
You feel sick.
The jackal bites you but does no damage.
Okay, then.
You feel sick. The jackal attacks as it pursues you!
The jackal closely misses you.
You feel sick. The jackal attacks as it pursues you! The jackal bites you.
* * * LOW HITPOINT WARNING * * *
The jackal bites you.
You die...
Your body crumbles into a pile of gold.

#........
#........
#........
#........
#>.......
#........
##.....#
#.@# #h##
#S#
##.#.###.
#>..J....#
#.##......
#.# ......
### .....
.....


You could see an adder and a jackal.

Vanquished Creatures
  A dart slug (D:4)
  An orc (D:4)
2 creatures vanquished.

Notes
Turn   | Place    | Note
-------+----------+-------------------------------------------
     0 | D:5      | Esekla the Octopode Delver began the quest for the Orb.
     0 | D:5      | Reached XP level 1. HP: 16/16 MP: 1/1
     2 | D:5      | Found an opulent altar of Gozag.
    38 | D:5      | Noticed a bombardier beetle
    98 | D:5      | Noticed an iguana
   170 | D:5      | Became a worshipper of Gozag Ym Sagoz the Greedy
   236 | D:4      | Noticed a hound
   275 | D:4      | Found Nitacvor's Magic Scroll Boutique.
   304 | D:4      | Noticed a jelly
   348 | D:2      | Slain by a jackal

Illustrated notes

Levels and vault maps discovered:
D:2:      layout_rooms, basic_altar, uniq_terence, uniq_natasha
D:3:      layout_rooms, nicolae_overflow_crystal_walls,
          ebering_ghost_inner_flame, uniq_jessica
D:4:      layout_basic, overflow_temple_1_default, serial_shops, shop
D:5:      cheibrodos_two_vegetables, layout_rooms,
          nicolae_overflow_hidden_temple

Action                     || total
---------------------------++-------
  Melee: Falchion          ||     4
         Constrict         ||     1
         Tentacles         ||     1
  Throw: Dart              ||     1
  Evoke: Wand              ||     2
    Use: Potion            ||     1
   Stab: Sleeping          ||     1
 Armour: Skin              ||     9
  Dodge: Dodged            ||     5
